 Dungeon Crawl Stone Soup version 0.28-a0-268-g3f656e82c2 (webtiles) character file.

Game seed: 17344956868585862256

7482 Spaninq the Cruncher (level 10, -1/92 HPs)
             Began as a Troll Warper on Aug 28, 2021.
             Was an Initiate of Gozag.
             Hit by a silver javelin thrown by Urug (7 damage)
             ... on level 10 of the Dungeon.
             The game lasted 00:33:10 (8900 turns).

Spaninq the Cruncher (Troll Warper)                 Turns: 8900, Time: 00:33:11

Health: -1/92      AC:  6    Str: 28    XL:     10   Next: 94%
Magic:  10/10      EV:  9    Int: 11    God:    Gozag
Gold:   600        SH:  8    Dex:  9    Spells: 9/11 levels left

rFire   + . .      SeeInvis .   J - +8 morningstar (vorpal)
rCold   . . .      Faith    .   D - +0 kite shield
rNeg    . . .      Spirit   .   a - +0 robe
rPois   .          Reflect  .   (helmet restricted)
rElec   .          Harm     .   m - +1 cloak
rCorr   .          Rampage  .   (gloves unavailable)
Will    .....                   (boots unavailable)
Stlth   ++........              C - amulet of regeneration
HPRegen 2.25/turn               g - +6 ring of strength
MPRegen 0.12/turn               H - ring of Ozuecox {Wiz rF+ Stlth+}

@: no status effects
A: large, unfitting armour, claws 3, regeneration 1, shaggy fur 1, tough skin 1
a: Renounce Religion, Potion Petition, Call Merchant, Bribe Branch


You were on level 10 of the Dungeon.
You worshipped Gozag.
Gozag was pleased with you.
You visited 2 branches of the dungeon, and saw 11 of its levels.

You collected 1535 gold pieces.
You spent 880 gold pieces at shops.
You paid 55 gold pieces to Gozag.

Inventory:

Hand Weapons
 q - a +1 hand axe of flaming
 F - the +0 staff of Battle
   (You bought it in a shop on level 5 of the Dungeon)

   It enhances your conjuration magic.
   It summons a battlesphere in combat, with strength depending on Conjurations
   skill.
   Its strikes trigger the battlesphere's blasts.
 J - a +8 vorpal morningstar (weapon)
Missiles
 c - 5 boomerangs of dispersal (quivered)
 r - 4 boomerangs
 y - 6 throwing nets
Armour
 a - a +0 robe (worn)
 m - a +1 cloak (worn)
 D - a +0 kite shield (worn)
Jewellery
 e - an amulet of reflection
 g - a +6 ring of strength (left claw)
 z - an amulet of guardian spirit
 C - an amulet of regeneration (around neck)
 H - the ring of Ozuecox (right claw) {Wiz rF+ Stlth+}
   (You took it off a gnoll on level 8 of the Dungeon)

   [ring of wizardry]

   It improves your spell success rate.
   rF:        It protects you from fire.
   Stlth:     It makes you more stealthy.
Wands
 l - a wand of digging (4)
 v - a wand of iceblast (12)
Scrolls
 b - a scroll of blinking
 d - 2 scrolls of teleportation
 i - a scroll of identify
Potions
 f - a potion of ambrosia
 h - a potion of curing
 j - 2 potions of brilliance
 k - a potion of resistance
 n - 5 potions of lignification
 o - a potion of might {unknown}
 p - a potion of berserk rage {unknown}
 t - a potion of flight {unknown}
 w - 2 potions of haste
 x - a potion of degeneration {unknown}
 A - a potion of cancellation {unknown}
 B - a potion of heal wounds {unknown}
 I - a potion of attraction {unknown}


   Skills:
 - Level 4.0 Fighting
 * Level 5.7(8.7) Maces & Flails
 - Level 9.3(9.9) Staves
 - Level 0.8 Throwing
 - Level 4.1 Dodging
 * Level 5.0 Shields
 - Level 6.7 Unarmed Combat
 - Level 1.2 Spellcasting
 - Level 2.1 Translocations


You had 9 spell levels left.
You knew the following spells:

 Your Spells              Type           Power      Damage    Failure   Level
a - Blink                 Tloc           N/A        N/A       17%         2

Your spell library contained the following spells:

 Spells                   Type           Power      Damage    Failure   Level
 Corona                   Hex            0%         N/A       28%         1
 Gell's Gravitas          Tloc           2%         N/A       32%         3
 Lesser Beckoning         Tloc           2%         N/A       32%         3
 Teleport Other           Tloc           5%         N/A       32%         3
 Stone Arrow              Conj/Erth      0%         3d7       63%         3
 Animate Armour           Summ/Erth      0%         N/A       95%         4
 Manifold Assault         Tloc           5%         N/A       96%         5
 Summon Mana Viper        Hex/Summ       0%         N/A       100%        5
 Yara's Violent Unravell  Hex/Tmut       0%         3d3       100%        5
 Discord                  Hex            0%         N/A       100%        8
 Lehudib's Crystal Spear  Conj/Erth      0%         10d2      100%        8


Dungeon Overview and Level Annotations

Branches:
Dungeon (10/15)            Temple (1/1) D:6            Lair (0/6) D:9
    Orc (0/2) D:9

Altars:
Ashenzari
Cheibriados
Dithmenos
Elyvilon
Fedhas
Gozag
Kikubaaqudgha
Makhleb
Nemelex Xobeh
Okawaru
Qazlal
Ru
Sif Muna
Uskayaw
Vehumet
Wu Jian
Xom
Yredelemnul
Zin
The Shining One
Jiyva

Shops:
D:5 (*   D:9 *

Annotations:
D:3 2 transporters, exclusion: 3 oklob plants
D:5 exclusion: 4 oklob plants
D:8 2 transporters, exclusion: 4 oklob plants
D:9 exclusion: oklob plant
D:10 Sonja, Urug


Innate Abilities, Weirdness & Mutations

You are too large for most types of armour.
You have claws for hands.
Your natural rate of healing is unusually fast.
You are covered in fur. (AC +1)
You have tough skin. (AC +1)


Message History

You hit the hornet but do no damage.
The hornet is moderately wounded.
You feel very sick. The hornet barely misses you.
Urug the Orcish Ballista comes into view.
She is wielding a +6 scimitar of protection and quivering silver javelins.
The hornet barely misses you. You block the hornet's attack.
You barely miss the hornet.
The hornet is moderately wounded.
You feel very sick. You block the hornet's attack.
The hornet barely misses you.
You impale the hornet!!
You kill the hornet!
You feel sick.
Urug screams, "All you harpies will die!"
Urug throws a silver javelin.
The silver javelin pierces through you!
Your Shields skill increases to level 5!
You feel yourself speed up.
You feel sick.
You see here 3 gold pieces.
You puncture Urug!
Urug is moderately wounded.
You feel sick.
You are no longer poisoned.
You block Urug's attack.
You hit Urug but do no damage.
Urug is moderately wounded.
Urug hits you with a +6 scimitar of protection!!
Urug throws a silver javelin.
The silver javelin pierces through you.
You puncture Urug!
Urug is heavily wounded.
Urug screams, "I'm goin' to kill you!
Now!"
Urug hits you with a +6 scimitar of protection!!
* * * LOW HITPOINT WARNING * * *
Urug throws a silver javelin.
The silver javelin pierces through you!
* * * LOW HITPOINT WARNING * * *
x2 Urug throws a silver javelin.
The silver javelin pierces through you!!
* * * LOW HITPOINT WARNING * * *
You die...
Your body crumbles into a pile of gold.

.............................#
....##.............#....#....#
.....>...........>.#...##....##
.......................###....###
............#............#......#
.#..........#..#.........#.?....#
.#.............#.................
...............#....#............
...........#...#@.>..............
).....##...#....#............##..
.........###....#o...............
.......... #.##..................
.......... #..###$...............
.......... ... #................
#.#...... .... #................
###..... ..##. .................
# ..... ... ......... .......


You could see Urug.

Vanquished Creatures
  A two-headed ogre (D:10)
  3 death yaks
  A troll (D:9)
  A hornet (D:10)
  4 yaks (D:10)
  A water moccasin (D:7)
  A hornet zombie (D:7)
  3 orc warriors
  A sky beast (D:5)
  A necrophage (D:6)
  5 black bears
  5 ogres
  A centaur (D:8)
  A phantom (D:6)
  7 wandering mushrooms
  2 bullfrogs (D:7)
  2 scorpions
  A wyvern skeleton (D:7)
  A wyvern zombie (D:8)
  5 killer bees (D:7)
  13 wights
  2 howler monkeys
  6 jellies
  2 centaur zombies
  2 orc priests
  A hound (D:6)
  5 gnoll shamans
  An iguana (D:5)
  3 orc wizards
  2 hell rats (D:9)
  3 killer bee zombies
  A hound skeleton (D:5)
  A howler monkey zombie (D:6)
  25 gnolls
  7 adders
  2 river rats (D:9)
  A white imp (D:5)
  An adder skeleton (D:4)
  2 worms
  2 dart slugs
  20 orcs
  5 bats
  6 endoplasms
  2 giant cockroaches
  8 goblins
  6 hobgoblins
  3 jackals (D:2)
  8 kobolds
  6 quokkas
  10 ball pythons
  4 frilled lizards
  8 rats
215 creatures vanquished.

Vanquished Creatures (others)
  A wandering mushroom (D:9)
1 creature vanquished.

Grand Total: 216 creatures vanquished

Notes
Turn   | Place    | Note
-------+----------+-------------------------------------------
     0 | D:1      | Spaninq the Troll Warper began the quest for the Orb.
     0 | D:1      | Reached XP level 1. HP: 19/19 MP: 1/1
     3 | D:1      | Noticed a minotaur zombie
     8 | D:1      | Noticed a minotaur zombie
    18 | D:1      | Noticed a merfolk zombie
    20 | D:1      | Noticed a minotaur zombie
    22 | D:1      | Noticed a minotaur zombie
    62 | D:1      | Reached XP level 2. HP: 28/28 MP: 2/2
   277 | D:1      | Found a faded altar of an unknown god.
   288 | D:1      | Became a worshipper of Fedhas Madash
   288 | D:1      | Reached * piety under Fedhas
   453 | D:1      | Fell from the grace of Fedhas
   466 | D:2      | Reached XP level 3. HP: 35/35 MP: 3/3
   492 | D:2      | Learned a level 2 spell: Blink
   510 | D:2      | Found a shimmering altar of Xom.
   906 | D:2      | Reached XP level 4. HP: 33/42 MP: 4/4
  1183 | D:3      | Found a transporter.
  1191 | D:3      | Noticed a kobold demonologist
  1298 | D:3      | Found an iron altar of Okawaru.
  1366 | D:3      | Reached XP level 5. HP: 50/50 MP: 5/5
  1425 | D:3      | Found a transporter.
  1473 | D:3      | Found an opulent altar of Gozag.
  1528 | D:3      | Became a worshipper of Gozag Ym Sagoz the Greedy
  1653 | D:3      | Noticed a wandering mushroom
  1653 | D:3      | Noticed an oklob plant
  1653 | D:3      | Noticed an oklob plant
  1653 | D:3      | Noticed an oklob plant
  2054 | D:4      | Noticed an ogre
  2062 | D:4      | Killed an ogre
  2070 | D:4      | Reached XP level 6. HP: 47/61 MP: 6/6
  2102 | D:3      | Reached skill level 5 in Unarmed Combat
  2679 | D:5      | Entered Level 5 of the Dungeon
  2776 | D:5      | Reached XP level 7. HP: 42/67 MP: 7/7
  2798 | D:5      | Noticed an oklob plant
  2798 | D:5      | Noticed an oklob plant
  2798 | D:5      | Noticed a wandering mushroom
  2798 | D:5      | Noticed an oklob plant
  2798 | D:5      | Noticed an oklob plant
  2830 | D:5      | Killed a wandering mushroom
  2903 | D:5      | Found Imilamiz's Weapon Boutique.
  3038 | D:5      | Found Hakh's Assorted Antiques.
  3369 | D:6      | Reached skill level 1 in Staves
  3369 | D:6      | Reached XP level 8. HP: 78/78 MP: 8/8
  3562 | D:6      | Reached skill level 2 in Staves
  3747 | D:6      | Reached skill level 3 in Staves
  3793 | D:6      | Reached skill level 4 in Staves
  3901 | D:6      | Found an ornate altar of the Wu Jian Council.
  4092 | D:6      | Reached skill level 5 in Staves
  4118 | D:6      | Found a staircase to the Ecumenical Temple.
  4127 | Temple   | Entered the Ecumenical Temple
  4342 | D:6      | Found a stormy altar of Qazlal.
  4592 | D:7      | Reached skill level 6 in Staves
  4592 | D:7      | Reached XP level 9. HP: 55/84 MP: 9/9
  4890 | D:7      | Reached skill level 7 in Staves
  4999 | D:7      | Found a broken altar of Ashenzari.
  5076 | D:7      | Found a hide-covered altar of Uskayaw.
  5335 | D:8      | Found a shadowy altar of Dithmenos.
  5370 | D:8      | Noticed a wandering mushroom
  5370 | D:8      | Noticed an oklob plant
  5370 | D:8      | Noticed an oklob plant
  5370 | D:8      | Noticed a wandering mushroom
  5370 | D:8      | Noticed an oklob plant
  5370 | D:8      | Noticed an oklob plant
  5500 | D:8      | Found a viscous altar of Jiyva.
  5508 | D:8      | Reached skill level 8 in Staves
  5576 | D:8      | Found a radiant altar of Vehumet.
  5641 | D:8      | Found a transporter.
  5892 | D:5      | Bought the +0 staff of Battle for 880 gold pieces
  5892 | D:5      | Found the +0 staff of Battle
  6335 | D:8      | Identified the ring of Ozuecox {Wiz rF+ Stlth+}
  6459 | D:7      | Reached skill level 9 in Staves
  6556 | D:8      | Found a snail-covered altar of Cheibriados.
  6585 | D:8      | Found a transporter.
  7156 | D:9      | Found a staircase to the Orcish Mines.
  7175 | D:9      | Found Ada Ifor's General Store.
  7236 | D:9      | Found a staircase to the Lair.
  7254 | D:9      | Noticed a death yak
  7255 | D:9      | Noticed a death yak
  7299 | D:9      | Noticed a death yak
  7654 | D:9      | Reached XP level 10. HP: 48/82 MP: 10/10
  7794 | D:9      | Reached skill level 1 in Maces & Flails
  7926 | D:9      | Reached skill level 1 in Shields
  7929 | D:9      | Was forgiven by Fedhas
  7930 | D:9      | Noticed an oklob plant
  8472 | D:8      | Killed a death yak
  8621 | D:9      | Killed a death yak
  8648 | D:9      | Killed a death yak
  8687 | D:10     | Entered Level 10 of the Dungeon
  8692 | D:10     | Got Ypsanleel's Papyrus of Beguiling
  8738 | D:10     | Found a shimmering blue altar of Sif Muna.
  8744 | D:10     | Found a glowing silver altar of Zin.
  8749 | D:10     | Noticed a two-headed ogre
  8755 | D:10     | Killed a two-headed ogre
  8756 | D:10     | Reached skill level 5 in Maces & Flails
  8824 | D:10     | Noticed Sonja
  8876 | D:10     | Noticed Urug
  8879 | D:10     | Reached skill level 5 in Shields
  8900 | D:10     | Hit by a silver javelin thrown by Urug

Illustrated notes

Levels and vault maps discovered:
D:1:      shiori_arrival_whats_in_store_for_you, layout_rooms,
          shapermc_ecumenical_altar_mp_highgroup
D:2:      layout_loops_ring, basic_altar
D:3:      gammafunk_wand_slinger, layout_loops_ring, nicolae_gozag_seed_capital,
          okawaru_trees_2, serial_glass, glass_columns_b, glass_columns_a
D:4:      layout_rooms
D:5:      layout_basic, serial_shops, nicolae_shop_overgrown_old_shop,
          nicolae_shop_waterfront, hex_medium
D:6:      layout_loops_ring, mainiacjoe_overflow_alcove_4,
          nzn_wu_jian_council_hall, lemuel_temple_firewalk_a
D:7:      layout_basic, mainiacjoe_overflow_cross_hatched,
          ashenzari_conservatory_becter
D:8:      gammafunk_cloud_chamber, layout_layer_cave, general_overflow_altar,
          slow_altar_2, mainiacjoe_overflow_surrounded_room,
          grunt_decor_resistance, jiyva_altar_1
D:9:      layout_irregular_city, dpeg_lair_monsters, orc_0_dummy, serial_shops,
          nicolae_diamond_shop
D:10:     layout_cave_pools, mainiacjoe_overflow_catwalk_spiral, wad_dig_loot,
          uniq_sonja, uniq_urug
Temple:   pf_slime_end_temple

Skill      XL: |  1  2  3  4  5  6  7  8  9 10 |
---------------+-------------------------------+-----
Dodging        | 2 3 4 |  4.1
Fighting       | 2 3 4 |  4.0
Unarmed Combat | 3 4 5 6 |  6.7
Staves         | 1 6 9 |  9.3
Maces & Flails | 5 |  5.7
Shields        | 5 |  5.0
Throwing       | |  0.8
Spellcasting   | |  1.2
Translocations | |  2.1

Action                   |  1- 3 |  4- 6 |  7- 9 | 10-12 || total
-------------------------+-------+-------+-------+-------++-------
Melee: Unarmed           |    96 |   135 |   305 |       ||   536
       Punch             |     1 |     1 |    14 |     4 ||    20
       Staff             |       |       |   116 |    50 ||   166
       Morningstar       |       |       |       |    66 ||    66
 Cast: Blink             |       |     2 |     4 |     1 ||     7
Invok: Renounce Religion |     1 |       |       |       ||     1
  Use: Scroll            |       |     8 |       |     8 ||    16
       Potion            |       |       |     1 |       ||     1
 Stab: Sleeping          |     1 |       |       |       ||     1
       Distracted        |       |     2 |     3 |     1 ||     6
Armor: Robe              |    27 |    18 |    62 |    13 ||   120
Dodge: Dodged            |    40 |    50 |   171 |    34 ||   295
Block: Other             |       |     7 |    87 |    15 ||   109
       Kite shield       |       |       |       |    10 ||    10

Table legend: (Time is in decaauts)
 A = Elapsed time spent in this place.
 B = Non-inter-level travel time spent in this place.
 C = Inter-level travel time spent in this place.
 D = Time resting spent in this place.
 E = Time spent auto-exploring this place.
 F = Levels seen in this place.
 G = Mean time per level.
                   A        B        C        D        E       F      G
               +--------+--------+--------+--------+--------+-----+--------+
         Total |   8834 |   8109 |    725 |    296 |   4914 |  11 |  803.1 |
       Dungeon |   8711 |   7996 |    715 |    296 |   4811 |  10 |  871.1 |
        Temple |    122 |    112 |     10 |      0 |    103 |   1 |  122.0 |
               +--------+--------+--------+--------+--------+-----+--------+

Top non-repeatable levels by time:
     D:8: 1660 daAuts
     D:9: 1384 daAuts
     D:6: 984 daAuts
     D:7: 964 daAuts
     D:3: 870 daAuts
     D:5: 828 daAuts
     D:2: 708 daAuts
     D:4: 628 daAuts
     D:1: 462 daAuts
    D:10: 220 daAuts
  Temple: 122 daAuts
